APP
HELENA BREWERS @ OGDEN RAPTORS
09/20/2047
 
TOP OF THE 1ST
Helena Brewers batting - Pitching for Ogden Raptors : RHP Willie Alvarado
Pitching: RHP Willie Alvarado
Batting: RHB Wiliama Dana 0-0: Ball
1-0: Foul Ball, location: 2F
1-1: Swinging Strike
1-2: Strikes out swinging
Batting: RHB Steve Errico 0-0: Called Strike
0-1: Ball
1-1: Ball
2-1: Called Strike
2-2: Foul Ball, location: 2F
2-2: Strikes out swinging
Batting: LHB Steven Donovan 0-0: SINGLE (Groundball, 6D, EV 105.6 MPH)
Batting: RHB Jeremy Harden 0-0: Ball
1-0: DOUBLE (Groundball, 5L, EV 101.9 MPH)
Steven Donovan to third
Runner from 3rd tries for Home, SAFE, throw by LF to home
Batting: LHB Dusty Bryant 0-0: Swinging Strike
0-1: Foul Ball, location: 2F
0-2: Ball
Wild Pitch!
Jeremy Harden to third
1-2: Ball
2-2: Ground out 4-3 (Groundball, 4M, EV 101.9 MPH)
Top of the 1st over - 1 run, 2 hits, 0 errors, 1 left on base; Helena 1 - Ogden 0
BOTTOM OF THE 1ST
Ogden Raptors batting - Pitching for Helena Brewers : RHP Junzo Yanagisawa
Pitching: RHP Junzo Yanagisawa
Batting: RHB Jason Baldwin 0-0: Foul Ball, location: 2F
0-1: Ball
1-1: Swinging Strike
1-2: SINGLE (Groundball, 6MS, EV 70.0 MPH) (infield hit)
Batting: RHB Tommy Hunter 0-0: Fly out, F8 (Flyball, 8LD, EV 100.6 MPH)
Batting: LHB Steve Pond 0-0: Ball
1-0: Called Strike
1-1: Ball
Jason Baldwin steals 2nd base
2-1: Ball
3-1: Base on Balls
Batting: RHB Eddie Perry 0-0: Ball
1-0: Ball
2-0: Called Strike
2-1: SINGLE (Flyball, 8RS, EV 97.5 MPH)
Jason Baldwin to third
Steve Pond to second
Runner from 3rd tries for Home, throw by CF and OUT! 8-2
Batting: RHB Justin Curran 0-0: Ball
1-0: Ball
2-0: Foul Ball, location: 2F
2-1: Ball
3-1: Foul Ball, location: 2F
3-2: Ground out U3 (Groundball, 3, EV 109.4 MPH)
Bottom of the 1st over - 0 runs, 2 hits, 0 errors, 2 left on base; Helena 1 - Ogden 0
TOP OF THE 2ND
Helena Brewers batting - Pitching for Ogden Raptors : RHP Willie Alvarado
Batting: LHB Danny Bautista 0-0: Ball
1-0: Ball
2-0: Swinging Strike
2-1: Ball
3-1: Base on Balls
Batting: LHB Jose Simental 0-0: Ball
1-0: Reached on error, E1 (Groundball, P, EV 71.2 MPH)
Danny Bautista to second
Batting: RHB Mohammed bin Ubaida 0-0: Swinging Strike
0-1: Foul Ball, location: 2F
0-2: Ball
1-2: Ball
2-2: Strikes out swinging
Batting: RHB Drew Forbess 0-0: Ball
1-0: Called Strike
1-1: Foul Ball, location: 2F
1-2: Foul Ball, location: 2F
1-2: Strikes out swinging
Batting: RHB Wiliama Dana 0-0: Fielders Choice at 2nd, 6-4 (Groundball, 6, EV 92.5 MPH)
Top of the 2nd over - 0 runs, 0 hits, 1 error, 2 left on base; Helena 1 - Ogden 0
BOTTOM OF THE 2ND
Ogden Raptors batting - Pitching for Helena Brewers : RHP Junzo Yanagisawa
Batting: RHB Mike Kaczor 0-0: Swinging Strike
0-1: Ball
1-1: Called Strike
1-2: Strikes out swinging
Batting: SHB Josh Vaill 0-0: Called Strike
0-1: Ball
1-1: Ball
2-1: Foul Ball, location: 2F
2-2: SINGLE (Groundball, 6S, EV 76.2 MPH) (infield hit)
Batting: RHB Chad Rojas 0-0: Called Strike
0-1: Swinging Strike
0-2: Ball
1-2: Fly out, F8 (Flyball, 8LS, EV 91.9 MPH)
Batting: SHB Jason Todd 0-0: TRIPLE (Flyball, 89XD, EV 108.8 MPH)
Josh Vaill scores
Batting: RHB Jason Baldwin 0-0: Ball
1-0: Called Strike
1-1: DOUBLE (Flyball, 78XD, EV 105.0 MPH)
Jason Todd scores
Batting: RHB Tommy Hunter 0-0: Called Strike
0-1: Ball
1-1: Fly out, F7 (Flyball, 7LS, EV 83.8 MPH)
Bottom of the 2nd over - 2 runs, 3 hits, 0 errors, 1 left on base; Helena 1 - Ogden 2
TOP OF THE 3RD
Helena Brewers batting - Pitching for Ogden Raptors : RHP Willie Alvarado
Batting: RHB Steve Errico 0-0: SINGLE (Line Drive, 5D, EV 105.6 MPH)
Batting: LHB Steven Donovan 0-0: Foul Ball, location: 2F
0-1: Ball
1-1: Swinging Strike
1-2: Strikes out swinging
Batting: RHB Jeremy Harden 0-0: Ball
1-0: Ball
2-0: Ball
3-0: Swinging Strike
3-1: Base on Balls
Steve Errico to second
Batting: LHB Dusty Bryant 0-0: Called Strike
0-1: Ball
1-1: Swinging Strike
1-2: Strikes out swinging
Batting: LHB Danny Bautista 0-0: Fielders Choice at 2nd, 6-4 (Groundball, 6, EV 83.8 MPH)
Top of the 3rd over - 0 runs, 1 hit, 0 errors, 2 left on base; Helena 1 - Ogden 2
BOTTOM OF THE 3RD
Ogden Raptors batting - Pitching for Helena Brewers : RHP Junzo Yanagisawa
Batting: LHB Steve Pond 0-0: Ball
1-0: Called Strike
1-1: Swinging Strike
1-2: Ball
2-2: Ground out 1-3 (Groundball, 15S, EV 68.1 MPH)
Batting: RHB Eddie Perry 0-0: Ball
1-0: Called Strike
1-1: Ball
2-1: SINGLE (Line Drive, 6D, EV 100.0 MPH)
Batting: RHB Justin Curran 0-0: Ball
1-0: Ball
2-0: Called Strike
2-1: Fly out, F4 (Flyball, 3D, EV 95.6 MPH)
Batting: RHB Mike Kaczor 0-0: Called Strike
0-1: Ball
Wild Pitch!
Eddie Perry to second
1-1: Swinging Strike
1-2: Strikes out swinging
Bottom of the 3rd over - 0 runs, 1 hit, 0 errors, 1 left on base; Helena 1 - Ogden 2
TOP OF THE 4TH
Helena Brewers batting - Pitching for Ogden Raptors : RHP Willie Alvarado
Batting: LHB Jose Simental 0-0: Called Strike
0-1: Ball
1-1: Ball
2-1: Called Strike
2-2: SINGLE (Line Drive, 8LS, EV 92.5 MPH)
Batting: RHB Mohammed bin Ubaida 0-0: Ball
1-0: Swinging Strike
1-1: Ball
2-1: Ball
3-1: Base on Balls
Jose Simental to second
Batting: RHB Drew Forbess 0-0: Called Strike
0-1: Grounds into double play, 6-4-3 (Groundball, 6, EV 108.8 MPH)
Jose Simental to third
Batting: RHB Wiliama Dana 0-0: Foul Ball, location: 2F
0-1: Swinging Strike
0-2: Foul Ball, location: 2F
0-2: Ground out 6-3 (Groundball, 6M, EV 85.0 MPH)
Top of the 4th over - 0 runs, 1 hit, 0 errors, 1 left on base; Helena 1 - Ogden 2
BOTTOM OF THE 4TH
Ogden Raptors batting - Pitching for Helena Brewers : RHP Junzo Yanagisawa
Batting: SHB Josh Vaill 0-0: Called Strike
0-1: Ball
1-1: Ball
2-1: Foul Ball, location: 2F
2-2: Ground out U3 (Groundball, 34S, EV 78.1 MPH)
Batting: RHB Chad Rojas 0-0: Fly out, F7 (Flyball, 7, EV 93.8 MPH)
Batting: SHB Jason Todd 0-0: Foul Ball, location: 2F
0-1: Ball
1-1: Ball
2-1: Called Strike
2-2: Foul Ball, location: 2F
2-2: Ball
3-2: Foul Ball, location: 2F
3-2: Strikes out swinging
Bottom of the 4th over - 0 runs, 0 hits, 0 errors, 0 left on base; Helena 1 - Ogden 2
TOP OF THE 5TH
Helena Brewers batting - Pitching for Ogden Raptors : RHP Willie Alvarado
Batting: RHB Steve Errico 0-0: Ball
1-0: Swinging Strike
1-1: Swinging Strike
1-2: Ball
2-2: Foul Ball, location: 2F
2-2: Strikes out swinging
Batting: LHB Steven Donovan 0-0: Ball
1-0: Ball
2-0: Called Strike
2-1: Swinging Strike
2-2: Ball
3-2: SINGLE (Line Drive, 89S, EV 90.0 MPH)
Batting: RHB Jeremy Harden 0-0: Called Strike
0-1: Ball
1-1: Foul Ball, location: 2F
1-2: Strikes out swinging
Batting: LHB Dusty Bryant 0-0: Ball
1-0: Ball
2-0: Called Strike
2-1: Foul Ball, location: 2F
2-2: Ball
3-2: Ground out U3 (Groundball, 3, EV 86.9 MPH)
Top of the 5th over - 0 runs, 1 hit, 0 errors, 1 left on base; Helena 1 - Ogden 2
BOTTOM OF THE 5TH
Ogden Raptors batting - Pitching for Helena Brewers : RHP Junzo Yanagisawa
Batting: RHB Jason Baldwin 0-0: Called Strike
0-1: Ball
1-1: SINGLE (Line Drive, 7S, EV 95.6 MPH)
Batting: RHB Tommy Hunter 0-0: Ball
1-0: SINGLE (Groundball, 25, EV 68.8 MPH) (infield hit)
Jason Baldwin to second
Batting: LHB Steve Pond 0-0: Swinging Strike
0-1: DOUBLE (Line Drive, 5D, EV 93.8 MPH)
Jason Baldwin scores
Tommy Hunter to third
Batting: RHB Eddie Perry 0-0: Swinging Strike
0-1: Ball
1-1: Foul Ball, location: 2F
1-2: Strikes out looking
Batting: RHB Justin Curran 0-0: Ball
1-0: Foul Ball, location: 2F
1-1: Foul Ball, location: 2F
1-2: Ball
2-2: Strikes out swinging
Pitching: LHP Billy Rojas
Batting: RHB Mike Kaczor 0-0: Foul Ball, location: 2F
0-1: Swinging Strike
0-2: Ball
1-2: Strikes out swinging
Bottom of the 5th over - 1 run, 3 hits, 0 errors, 2 left on base; Helena 1 - Ogden 3
TOP OF THE 6TH
Helena Brewers batting - Pitching for Ogden Raptors : RHP Willie Alvarado
Batting: LHB Danny Bautista 0-0: Called Strike
0-1: Ball
1-1: Ground out 6-3 (Groundball, 6M, EV 103.8 MPH)
Batting: LHB Jose Simental 0-0: Called Strike
0-1: Ball
1-1: Foul Ball, location: 2F
1-2: Strikes out swinging
Batting: RHB Mohammed bin Ubaida 0-0: Ball
1-0: Called Strike
1-1: Ball
2-1: Ball
3-1: SINGLE (Groundball, 56D, EV 98.1 MPH)
Pitching: RHP Charles Durand
Batting: RHB Drew Forbess 0-0: Ball
1-0: Ball
2-0: Ball
3-0: Base on Balls
Mohammed bin Ubaida to second
Batting: RHB Wiliama Dana 0-0: SINGLE (Groundball, 56D, EV 96.2 MPH)
Mohammed bin Ubaida to third
Drew Forbess to second
Runner from 3rd tries for Home, SAFE, throw by LF to home
Batting: RHB Steve Errico 0-0: DOUBLE (Line Drive, 9LS, EV 109.4 MPH)
Drew Forbess scores
Wiliama Dana to third
Runner from 3rd tries for Home, SAFE, no throw by RF
Batting: LHB Steven Donovan 0-0: Ball
1-0: Called Strike
1-1: Ball
2-1: Foul Ball, location: 2F
2-2: Foul Ball, location: 2F
2-2: Ball
3-2: Strikes out swinging
Top of the 6th over - 3 runs, 3 hits, 0 errors, 1 left on base; Helena 4 - Ogden 3
BOTTOM OF THE 6TH
Ogden Raptors batting - Pitching for Helena Brewers : LHP Billy Rojas
Batting: SHB Josh Vaill 0-0: SINGLE (Line Drive, 34, EV 96.9 MPH)
Batting: RHB Chad Rojas 0-0: Ball
1-0: Swinging Strike
1-1: Called Strike
1-2: Foul Ball, location: 2F
1-2: Fly out, F8 (Flyball, 8RXD, EV 101.2 MPH)
Pinch Hitting: RHB Jonathan Kirsch 0-0: Ball
1-0: 2-RUN HOME RUN (Flyball, 7D, EV 104.4 MPH), Distance : 387 ft
Batting: RHB Jason Baldwin 0-0: Ball
1-0: Fly out, F4 (Popup, 4M, EV 51.2 MPH)
Batting: RHB Tommy Hunter 0-0: Ball
1-0: Fly out, F9 (Flyball, 89D, EV 85.6 MPH)
Bottom of the 6th over - 2 runs, 2 hits, 0 errors, 0 left on base; Helena 4 - Ogden 5
TOP OF THE 7TH
Helena Brewers batting - Pitching for Ogden Raptors : RHP Charles Durand
Now at SS: Jesus Gomez
Batting: RHB Jeremy Harden 0-0: Ball
1-0: Ball
2-0: Called Strike
2-1: SINGLE (Line Drive, 8RS, EV 86.9 MPH)
Batting: LHB Dusty Bryant 0-0: DOUBLE (Line Drive, 7LS, EV 108.8 MPH)
Jeremy Harden to third
Runner from 3rd tries for Home, SAFE, throw by LF to trailing runner, OUT at third! 7-3-5
Pitching: RHP Jimmy Hitchcock
Batting: LHB Danny Bautista 0-0: Ball
1-0: Foul Ball, location: 2F
1-1: Ball
2-1: Ball
3-1: Foul Ball, location: 2F
3-2: Strikes out swinging
Batting: LHB Jose Simental 0-0: Ball
1-0: Ball
2-0: DOUBLE (Line Drive, 8LD, EV 111.2 MPH)
Batting: RHB Mohammed bin Ubaida 0-0: Foul Ball, location: 2F
0-1: Ball
1-1: Ball
2-1: Swinging Strike
2-2: Ball
3-2: Foul Ball, location: 2F
3-2: Foul Ball, location: 2F
3-2: Foul Ball, location: 2F
3-2: Base on Balls
Batting: RHB Drew Forbess 0-0: Ball
1-0: Foul Ball, location: 2F
1-1: Ball
2-1: Ball
3-1: Called Strike
3-2: Fly out, F9 (Flyball, 9LM, EV 85.6 MPH)
Top of the 7th over - 1 run, 3 hits, 0 errors, 2 left on base; Helena 5 - Ogden 5
BOTTOM OF THE 7TH
Ogden Raptors batting - Pitching for Helena Brewers : LHP Billy Rojas
Batting: LHB Steve Pond 0-0: Called Strike
0-1: Foul Ball, location: 2F
0-2: Strikes out swinging
Batting: RHB Eddie Perry 0-0: Ball
1-0: Called Strike
1-1: Foul Ball, location: 2F
1-2: Ball
2-2: Strikes out swinging
Batting: RHB Justin Curran 0-0: Ball
1-0: Foul Ball, location: 2F
1-1: Foul Ball, location: 2F
1-2: SINGLE (Groundball, 34D, EV 97.5 MPH)
Batting: RHB Mike Kaczor 0-0: Called Strike
0-1: Foul Ball, location: 2F
0-2: Ball
1-2: Foul Ball, location: 2F
1-2: Ball
2-2: Foul Ball, location: 2F
2-2: Ball
3-2: SINGLE (Groundball, 6MD, EV 106.2 MPH)
Justin Curran to second
Justin Curran to third
Batting: SHB Josh Vaill 0-0: Ball
1-0: Swinging Strike
1-1: Fielders Choice at 2nd, 6-4 (Groundball, 6, EV 101.2 MPH)
Bottom of the 7th over - 0 runs, 2 hits, 0 errors, 2 left on base; Helena 5 - Ogden 5
TOP OF THE 8TH
Helena Brewers batting - Pitching for Ogden Raptors : RHP Jimmy Hitchcock
Batting: RHB Wiliama Dana 0-0: Ball
1-0: Called Strike
1-1: Ball
2-1: Called Strike
2-2: Ground out 5-3 (Groundball, 56, EV 106.9 MPH)
Batting: RHB Steve Errico 0-0: Ground out 1-3 (Groundball, 34S, EV 66.9 MPH)
Batting: LHB Steven Donovan 0-0: Called Strike
0-1: Swinging Strike
0-2: Ball
1-2: Ball
2-2: Foul Ball, location: 2F
2-2: Ball
3-2: Base on Balls
Batting: RHB Jeremy Harden 0-0: Ball
1-0: Foul Ball, location: 2F
1-1: Ball
2-1: Called Strike
2-2: Ball
3-2: Foul Ball, location: 2F
3-2: Foul Ball, location: 2F
3-2: Base on Balls
Steven Donovan to second
Pitching: LHP Conor Bailey
Batting: LHB Dusty Bryant 0-0: Called Strike
0-1: Foul Ball, location: 2F
0-2: Ball
Wild Pitch!
Steven Donovan to third
Jeremy Harden to second
1-2: Ground out 4-3 (Groundball, 4, EV 85.6 MPH)
Top of the 8th over - 0 runs, 0 hits, 0 errors, 2 left on base; Helena 5 - Ogden 5
BOTTOM OF THE 8TH
Ogden Raptors batting - Pitching for Helena Brewers : LHP Billy Rojas
Batting: RHB Chad Rojas 0-0: Called Strike
0-1: Ball
1-1: Ball
2-1: Swinging Strike
2-2: Strikes out looking
Batting: SHB Jesus Gomez 0-0: Foul Ball, location: 2F
0-1: Foul Ball, location: 2F
0-2: Ball
1-2: Ball
2-2: Ball
3-2: Foul Ball, location: 2F
3-2: Strikes out swinging
Batting: RHB Jason Baldwin 0-0: SINGLE (Line Drive, 8RS, EV 111.2 MPH)
Pitching: RHP Johnathan Starr
Batting: RHB Tommy Hunter 0-0: Ball
1-0: Called Strike
1-1: Ball
2-1: Foul Ball, location: 2F
2-2: Foul Ball, location: 2F
2-2: Strikes out swinging
Bottom of the 8th over - 0 runs, 1 hit, 0 errors, 1 left on base; Helena 5 - Ogden 5
TOP OF THE 9TH
Helena Brewers batting - Pitching for Ogden Raptors : LHP Conor Bailey
Pitching: RHP Jared Wisham
Batting: LHB Danny Bautista 0-0: Ball
1-0: Foul Ball, location: 2F
1-1: Foul Ball, location: 2F
1-2: Foul Ball, location: 2F
1-2: Ball
2-2: Ball
3-2: SINGLE (Line Drive, 4MD, EV 98.1 MPH)
Batting: LHB Jose Simental 0-0: Bunted foul
0-1: Bunted foul
0-2: Ball
1-2: Foul Ball, location: 2F
1-2: Ball
2-2: Foul Ball, location: 2F
2-2: Ball
3-2: SINGLE (Line Drive, 89S, EV 100.0 MPH)
Danny Bautista to second
Pinch Runner at 2nd Chris Fruit:
Batting: RHB Mohammed bin Ubaida 0-0: Sac Bunt to 15S - play at first, batter OUT! 1-4
Chris Fruit to third
Jose Simental to second
Pinch Hitting: LHB Greg Reedy 0-0: Ball
1-0: Ball
2-0: Ball
3-0: Base on Balls
Batting: RHB Wiliama Dana 0-0: Ball
1-0: Swinging Strike
1-1: SINGLE (Groundball, 25, EV 67.5 MPH) (infield hit)
Chris Fruit scores
Jose Simental to third
Greg Reedy to second
Batting: RHB Steve Errico 0-0: SINGLE (Groundball, 56D, EV 111.2 MPH)
Jose Simental scores
Greg Reedy to third
Wiliama Dana to second
Batting: LHB Steven Donovan 0-0: Ball
1-0: Foul Ball, location: 2F
1-1: Foul Ball, location: 2F
1-2: Ball
2-2: Foul Ball, location: 2F
2-2: Foul Ball, location: 2F
2-2: Foul Ball, location: 2F
2-2: Ball
3-2: Base on Balls
Greg Reedy scores
Wiliama Dana to third
Steve Errico to second
Batting: RHB Jeremy Harden 0-0: Called Strike
0-1: Called Strike
0-2: Strikes out looking
Batting: LHB Dusty Bryant 0-0: Ball
1-0: Ball
2-0: Called Strike
2-1: Called Strike
2-2: Ball
3-2: Strikes out swinging
Top of the 9th over - 3 runs, 4 hits, 0 errors, 3 left on base; Helena 8 - Ogden 5
BOTTOM OF THE 9TH
Ogden Raptors batting - Pitching for Helena Brewers : RHP Johnathan Starr
Pitching: RHP Alejandro Souto
Now at 3B: Tony Beaumond
Now in LF: Jeremy Harden
Now in CF: Jesus Menjivar
Batting: LHB Steve Pond 0-0: Ball
1-0: SOLO HOME RUN (Flyball, 89XD, EV 110.6 MPH), Distance : 435 ft
Batting: RHB Eddie Perry 0-0: Swinging Strike
0-1: Ball
1-1: Ball
2-1: Swinging Strike
2-2: Foul Ball, location: 2F
2-2: Foul Ball, location: 2F
2-2: Strikes out swinging
Pinch Hitting: LHB Tore Bosch 0-0: Ball
1-0: Fly out, F4 (Line Drive, 4, EV 65.0 MPH)
Batting: RHB Mike Kaczor 0-0: Ball
1-0: Ball
2-0: Fly out, F9 (Flyball, 89M, EV 81.2 MPH)
Bottom of the 9th over - 1 run, 1 hit, 0 errors, 0 left on base; Helena 8 - Ogden 6
Thursday, December 15th , 2022 - OOTP Baseball 23.9 Build 102